 Dungeon Crawl Stone Soup version 0.22-a0-322-g60b3cfd (webtiles) character file.

2734 sankara the Cleaver (level 9, -1/79 HPs)
             Began as a Hill Orc Fighter on Apr 4, 2018.
             Was a Believer of Kikubaaqudgha.
             Slain by a hippogriff (5 damage)
             ... while paralysed
             ... on level 8 of the Dungeon.
             The game lasted 00:28:33 (8418 turns).

sankara the Cleaver (Hill Orc Fighter)              Turns: 8418, Time: 00:28:33

Health: -1/79      AC:  9    Str: 19    XL:     9   Next: 67%
Magic:  6/9        EV:  2    Int: 11    God:    Kikubaaqudgha [**....]
Gold:   147        SH:  0    Dex: 10    Spells: 1/8 levels left

rFire    . . .     SeeInvis +   a - +1 war axe
rCold    . . .     Gourm    .   c - +0 shield
rNeg     . . .     Faith    .   k - +0 scale mail
rPois    +         Spirit   .   (no helmet)
rElec    .         Reflect  .   (no cloak)
rCorr    .         Harm     .   w - +0 pair of gloves of Jusesh {rPois SInv}
MR       .....                  (no boots)
Stlth    ..........             (no amulet)
HPRegen  0.23/turn              C - ring of wizardry {Wiz+, !d}
MPRegen  0.11/turn              G - ring of loudness (curse) {Stlth-}

@: paralysed, berserk cooldown, very slightly contaminated, slowed
A: no striking features
a: Receive Corpses, Renounce Religion


You were on level 8 of the Dungeon.
You worshipped Kikubaaqudgha.
Kikubaaqudgha was pleased with you.
You were not hungry.

You visited 2 branches of the dungeon, and saw 9 of its levels.
You also visited: Sewer.

You collected 403 gold pieces.
You spent 256 gold pieces at shops.

Inventory:

Hand Weapons
 a - a +1 war axe (weapon)
 b - a +0 hunting sling
   (You found it on level 1 of the Dungeon)
 q - a +0 hand axe of flaming
   (You took it off an orc on level 3 of the Dungeon)
 t - a +0 war axe
   (You took it off an orc on level 5 of the Dungeon)
 D - a +0 hunting sling
   (You found it on level 5 of the Dungeon)
 J - a +0 battleaxe
   (You took it off an orc warrior on level 7 of the Dungeon)
Missiles
 h - 84 stones
 j - 73 sling bullets
 v - 14 tomahawks (quivered)
Armour
 c - a +0 shield (worn)
 k - a +0 scale mail (worn)
 n - a +0 chain mail
   (You took it off an orc on level 3 of the Dungeon)
 w - the +0 pair of gloves of Jusesh (worn) {rPois SInv}
   (You bought it in a shop on level 4 of the Dungeon)

   It protects you from poison.
   It lets you see invisible.
Magical Staves
 g - an uncursed staff of summoning {!a}
   (You found it on level 5 of the Dungeon)
Jewellery
 C - a ring of wizardry (left hand) {Wiz+, !d}
   (You found it on level 5 of the Dungeon)
 E - an uncursed ring of magical power {MP+9}
   (You found it on level 5 of the Dungeon)
 G - a cursed ring of loudness (right hand) {Stlth-}
   (You found it on level 6 of the Dungeon)
 M - the cursed ring "Hoabrut" {rN+ AC-3, unknown}
   (You took it off an orc priest on level 7 of the Dungeon)

   [ring of protection]

   It affects your AC (-3).
   It protects you from negative energy.
   It has a curse placed upon it.
Wands
 p - a wand of random effects (20)
   (You found it on level 3 of the Dungeon)
 x - a wand of iceblast (3)
   (You found it on level 4 of the Dungeon)
 y - a wand of flame (26)
   (You found it on level 5 of the Dungeon)
 F - a wand of enslavement (16)
   (You found it on level 6 of the Dungeon)
 K - a wand of digging (12)
   (You found it on level 7 of the Dungeon)
Scrolls
 i - 6 scrolls of identify
 r - a scroll of teleportation
 s - 2 scrolls of enchant armour {unknown}
 z - a scroll of amnesia
 H - a scroll of noise {unknown}
 I - 2 scrolls of magic mapping {!r}
Potions
 d - 2 potions of might
 e - 4 potions of curing
 l - a potion of brilliance
 m - 4 potions of lignification {!q}
 o - 3 potions of heal wounds
 u - a potion of berserk rage {!q}
 A - a potion of haste {unknown}
 B - 2 potions of resistance {unknown}
Comestibles
 f - 8 rations
 L - 4 chunks of flesh {@w0}


   Skills:
 + Level 7.5 Fighting
 * Level 10.5 Axes
 + Level 6.9 Armour
 + Level 6.9 Shields
 + Level 3.4 Necromancy


You had one spell level left.
You knew the following spells:

 Your Spells              Type           Power        Failure   Level  Hunger
a - Sublimation of Blood  Necr           #.........   36%         2    ###....
b - Pain                  Necr           #...         26%         1    ##.....
c - Animate Skeleton      Necr           N/A          26%         1    ##.....
d - Regeneration          Chrm/Necr      #.........   82%         3    ####...


Dungeon Overview and Level Annotations

Branches:
Dungeon (8/15)             Temple (1/1) D:4
   Lair: D:8-11

Altars:
Ashenzari
Dithmenos
Elyvilon
Fedhas
Kikubaaqudgha
Makhleb
Qazlal
Ru
Sif Muna
Trog
Uskayaw
Vehumet
Wu Jian
Xom
Yredelemnul
Zin
The Shining One

Shops:
D:4 [


Message History

The hell rat barely misses your quokka skeleton.
You barely miss Goblin1989's ghost.
Goblin1989's ghost is moderately damaged.
Your quokka skeleton bites the hell rat.
Goblin1989's ghost hits you!
A rat comes into view.
You slash Goblin1989's ghost!
Goblin1989's ghost is heavily damaged.
The hell rat twitches its whiskers.
The hell rat bites your quokka skeleton!
Your quokka skeleton is destroyed!
Goblin1989's ghost hits you.
You closely miss Goblin1989's ghost.
Goblin1989's ghost is heavily damaged.
You completely miss Goblin1989's ghost.
Goblin1989's ghost is heavily damaged.
The hell rat bites your river rat skeleton!
Your river rat skeleton is destroyed!
Goblin1989's ghost hits you!
You hit Goblin1989's ghost.
Goblin1989's ghost is severely damaged.
Goblin1989's ghost completely misses you.
You hit Goblin1989's ghost.
Goblin1989's ghost is severely damaged.
You hit the hell rat. You block the hell rat's attack.
You barely miss Goblin1989's ghost.
Goblin1989's ghost is severely damaged.
Your shield and scale mail prevent you from hitting the hell rat.
You block Goblin1989's ghost's attack. You block the hell rat's attack.
You slash Goblin1989's ghost!
Goblin1989's ghost is almost destroyed.
You slash the hell rat!
You kill the hell rat!
Goblin1989's ghost hits you!
* * * LOW HITPOINT WARNING * * *
You closely miss Goblin1989's ghost.
Goblin1989's ghost is almost destroyed.
You miss Goblin1989's ghost.
Goblin1989's ghost is almost destroyed.
Goblin1989's ghost hits you.
* * * LOW HITPOINT WARNING * * *
A quokka comes into view.
Your shield and scale mail prevent you from hitting Goblin1989's ghost.
Goblin1989's ghost is almost destroyed.
The river rat twitches its whiskers.
You block Goblin1989's ghost's attack.
You slash Goblin1989's ghost!
Goblin1989's ghost is almost destroyed.
Goblin1989's ghost barely misses you.
A river rat comes into view.
You closely miss Goblin1989's ghost.
Goblin1989's ghost is almost destroyed.
You closely miss Goblin1989's ghost.
Goblin1989's ghost is almost destroyed.
Goblin1989's ghost hits you but does no damage.
You closely miss Goblin1989's ghost.
Goblin1989's ghost is almost destroyed.
You block Goblin1989's ghost's attack.
You slash Goblin1989's ghost!
You destroy Goblin1989's ghost!
Kikubaaqudgha accepts your kill.
Your Necromancy skill increases to level 3!
The rat twitches its whiskers.
You slash the hippogriff!
The hippogriff is lightly wounded.
You slice the hippogriff!!
The hippogriff is severely wounded.
You hear a deafening roar!
The hippogriff barely misses you. The hippogriff closely misses you.
The hippogriff claws you.
* * * LOW HITPOINT WARNING * * *
You slash the hippogriff!
The hippogriff is almost dead.
You are no longer berserk.
You pass out from exhaustion.
You feel yourself slow down. The hippogriff bites you.
* * * LOW HITPOINT WARNING * * *
The hippogriff pecks you.
* * * LOW HITPOINT WARNING * * *
The hippogriff claws you.
* * * LOW HITPOINT WARNING * * *
The rat twitches its whiskers.
The hippogriff bites you.
* * * LOW HITPOINT WARNING * * *
The hippogriff pecks you but does no damage.
The hippogriff claws you but does no damage.
The quokka moves out of view.
The hippogriff bites you.
* * * LOW HITPOINT WARNING * * *
The hippogriff pecks you.
* * * LOW HITPOINT WARNING * * *
The hippogriff claws you.
* * * LOW HITPOINT WARNING * * *
The hippogriff bites you.
* * * LOW HITPOINT WARNING * * *
The hippogriff pecks you.
* * * LOW HITPOINT WARNING * * *
The hippogriff claws you.
You die...
Kikubaaqudgha rasps: "You have failed me!
Welcome... death!"

#..# ###### .#.#
#..###.#.Z###...#
#..##.#.##ZZZ...#
#....#.###%##.##..#
#.###.## ##Z.#.#
#.# ### ##.### ..
#.# #.### #.
####.## ##..#### .
......# ###.@.#
.###..# ###H#
PPP..<#


rrr PPPP..# ##rrr P_PP..# #r## PP.P..# ..# PPP...# .# .....## . ###### You could
see a hippogriff, 2 river rats and 5 rats.

Vanquished Creatures
  The ghost of Goblin1989 the Grappler, a novice DrTm of Gozag (D:8)
  The ghost of grindst0ne the Charlatan, an amateur HuAr (D:4)
  An orc warrior (D:7)
  2 phantoms
  Purgy (Sewer)
  5 ogres
  A centaur (D:5)
  2 big kobolds (D:7)
  2 bullfrogs
  2 scorpions
  2 bullfrog zombies (D:5)
  2 crimson imps
  2 orc priests
  6 orc wizards
  A centaur skeleton (D:5)
  2 worker ants
  2 iguanas
  A hell rat (D:8)
  3 gnolls (D:7)
  A howler monkey zombie (D:5)
  6 adders
  2 river rats
  2 adder skeletons
  4 worms
  4 dart slugs
  3 leopard geckos
  17 orcs
  4 bat zombies (D:3)
  8 giant cockroaches
  11 hobgoblins
  5 jackals
  22 kobolds
  6 quokkas
  A ball python (D:3)
  9 bats
  3 frilled lizards
  11 goblins
  11 rats
  A fungus (D:2)
170 creatures vanquished.

Vanquished Creatures (collateral kills)
  2 kobolds (D:7)
2 creatures vanquished.

Grand Total: 172 creatures vanquished

Notes
Turn   | Place    | Note
-------+----------+-------------------------------------------
     0 | D:1      | sankara the Hill Orc Fighter began the quest for the Orb.
     0 | D:1      | Reached XP level 1. HP: 19/19 MP: 1/1
    16 | D:1      | Reached skill level 3 in Axes
   110 | D:1      | Reached XP level 2. HP: 25/27 MP: 2/2
   750 | D:2      | Reached XP level 3. HP: 33/33 MP: 3/3
   865 | D:2      | Found a glowing golden altar of the Shining One.
   880 | D:2      | Reached skill level 4 in Fighting
  1056 | D:2      | Found a shattered altar of Ashenzari.
  1075 | D:2      | Reached skill level 4 in Axes
  1079 | D:2      | Reached XP level 4. HP: 38/40 MP: 4/4
  1973 | D:3      | Found a glowing drain.
  1984 | D:3      | Reached skill level 4 in Armour
  2004 | D:3      | Reached XP level 5. HP: 47/47 MP: 5/5
  2011 | D:3      | Reached skill level 4 in Shields
  2020 | Sewer    | Entered a sewer
  2366 | Sewer    | Noticed Purgy
  2382 | Sewer    | HP: 13/70 [Purgy (6)]
  2386 | Sewer    | Killed Purgy
  2386 | Sewer    | Reached skill level 5 in Axes
  2386 | Sewer    | Reached XP level 6. HP: 12/53 MP: 6/6
  3095 | D:3      | Found an ancient bone altar of Kikubaaqudgha.
  3103 | D:3      | Became a worshipper of Kikubaaqudgha
  3351 | D:4      | Noticed grindst0ne's ghost (amateur HuAr)
  3391 | D:4      | Killed grindst0ne's ghost
  3391 | D:4      | Reached skill level 5 in Fighting
  3391 | D:4      | Reached skill level 6 in Axes
  3391 | D:4      | Reached XP level 7. HP: 55/61 MP: 7/7
  3461 | D:4      | Found a staircase to the Ecumenical Temple.
  3468 | D:4      | Found Geanoiq's Antique Armour Shop.
  3662 | D:4      | Reached skill level 5 in Armour
  3721 | Temple   | Entered the Ecumenical Temple
  3809 | D:4      | Reached skill level 7 in Axes
  3809 | D:4      | Reached skill level 5 in Shields
  3868 | D:4      | Bought a pair of polished gloves for 256 gold pieces
  4234 | D:3      | HP: 13/62 [orc wizard/magic dart (11)]
  4241 | D:3      | Reached XP level 8. HP: 31/70 MP: 8/8
  4982 | D:3      | Reached skill level 6 in Fighting
  4982 | D:3      | Reached skill level 8 in Axes
  5394 | D:5      | Entered Level 5 of the Dungeon
  5662 | D:5      | Reached skill level 1 in Necromancy
  6039 | D:5      | Identified the +0 pair of gloves of Jusesh {rPois SInv} (You bought it in a shop on level 4 of the Dungeon)
  6636 | D:6      | Reached skill level 9 in Axes
  6636 | D:6      | Reached skill level 6 in Armour
  6636 | D:6      | Reached skill level 6 in Shields
  6986 | D:6      | Found an ornate altar of the Wu Jian Council.
  7018 | D:7      | Reached * piety under Kikubaaqudgha
  7018 | D:7      | Identified Kikubaaqudgha's Handbook of Necromancy (Kikubaaqudgha gifted it to you on level 7 of the Dungeon)
  7018 | D:7      | Received a gift from Kikubaaqudgha
  7034 | D:7      | Reached skill level 2 in Necromancy
  7043 | D:6      | Learned a level 1 spell: Animate Skeleton
  7045 | D:6      | Learned a level 1 spell: Pain
  7048 | D:6      | Learned a level 2 spell: Sublimation of Blood
  7052 | D:6      | Learned a level 3 spell: Regeneration
  7143 | D:7      | Reached XP level 9. HP: 77/78 MP: 7/9
  7893 | D:7      | Reached skill level 7 in Fighting
  8026 | D:7      | Got a crude turquoise ring
  8326 | D:8      | Found a blossoming altar of Fedhas.
  8354 | D:8      | Reached skill level 10 in Axes
  8358 | D:8      | Reached ** piety under Kikubaaqudgha
  8379 | D:8      | Noticed Goblin1989's ghost (novice DrTm)
  8412 | D:8      | Killed Goblin1989's ghost
  8412 | D:8      | Reached skill level 3 in Necromancy
  8415 | D:8      | HP: 19/79 [hippogriff (4)]
  8417 | D:8      | HP: 8/79 [hippogriff (4)]
  8418 | D:8      | Slain by a hippogriff

Vault maps used:
D:1:      scummos_arrival_hexagon, kennysheep_minor_cross, minmay_liquid_box,
          minmay_octomino_e4
D:2:      old_standard_altar, tso_oasis_becter, first_ration,
          minmay_gold_behind_fungi, nrook_loot_triangle, minmay_surrounded
D:3:      lemuel_zombie_altar_kikubaaqudgha, portal_sewer_entry_b
D:4:      minmay_temple_entry_mist, serial_shops, shop_fountains,
          minmay_bisected
D:6:      kennysheep_little_box
D:8:      lemuel_ratsnest, fedhas_altar_3, nicolae_gozag_zags_fifth_avenue,
          serial_shops, nicolae_shop_behind_doors, grunt_pizzeria, uniq_joseph
Temple:   nicolae_temple_no_exploring_needed
Sewer:    kennysheep_door_sewer

Skill      XL: |  1  2  3  4  5  6  7  8  9 |
---------------+----------------------------+-----
Axes           | 3 4 5 6 7 9 10 | 10.5
Fighting       | 4 5 6 7 |  7.5
Armour         | 4 5 6 |  6.9
Shields        | 4 5 6 |  6.9
Necromancy     | 2 3 |  3.4

Action                   |  1- 3 |  4- 6 |  7- 9 || total
-------------------------+-------+-------+-------++-------
Melee: War axe           |    97 |   214 |   413 ||   724
 Fire: Hunting sling     |     1 |       |       ||     1
Throw: Tomahawk          |       |       |     6 ||     6
 Cast: Animate Skeleton  |       |       |    15 ||    15
Evoke: Wand              |       |       |    17 ||    17
  Use: Scroll            |       |     8 |     7 ||    15
       Potion            |       |     1 |     2 ||     3
  Eat: Chunk             |     1 |     7 |    19 ||    27
Armor: Scale mail        |    38 |    90 |    31 ||   159
       Chain mail        |       |    38 |   115 ||   153
Dodge: Dodged            |    35 |    73 |    67 ||   175
Block: Shield            |    50 |   139 |   167 ||   356

Table legend:
 A = Spawn XP
 B = Non-spawn XP
 C = Spawn XP percentage of total XP
 D = Spawn monster count
 E = Non-spawn monster count
 F = Spawn count percentage of total count
 G = Total turns spent on level
                    A         B        C        D         E        F      G
               +---------+---------+-------+---------+---------+-------+---------
         Total |       0 |    3906 |   0.0 |       0 |     171 |   0.0 |  8418
               +---------+---------+-------+---------+---------+-------+---------
           D:1 |       0 |      21 |   0.0 |       0 |      15 |   0.0 |   615
           D:2 |       0 |      88 |   0.0 |       0 |      31 |   0.0 |  1076
           D:3 |       0 |     313 |   0.0 |       0 |      43 |   0.0 |  1686
           D:4 |       0 |     810 |   0.0 |       0 |      14 |   0.0 |  1370
           D:5 |       0 |     547 |   0.0 |       0 |      15 |   0.0 |  1153
           D:6 |       0 |     232 |   0.0 |       0 |       5 |   0.0 |   496
           D:7 |       0 |     813 |   0.0 |       0 |      34 |   0.0 |  1283
           D:8 |       0 |     922 |   0.0 |       0 |       8 |   0.0 |    92
         Sewer |       0 |     160 |   0.0 |       0 |       6 |   0.0 |   645
               +---------+---------+-------+---------+---------+-------+---------

Vault maps used:
D:1:      scummos_arrival_hexagon, kennysheep_minor_cross, minmay_liquid_box,
          minmay_octomino_e4
D:2:      old_standard_altar, tso_oasis_becter, first_ration,
          minmay_gold_behind_fungi, nrook_loot_triangle, minmay_surrounded
D:3:      lemuel_zombie_altar_kikubaaqudgha, portal_sewer_entry_b
D:4:      minmay_temple_entry_mist, serial_shops, shop_fountains,
          minmay_bisected
D:6:      kennysheep_little_box
D:8:      lemuel_ratsnest, fedhas_altar_3, nicolae_gozag_zags_fifth_avenue,
          serial_shops, nicolae_shop_behind_doors, grunt_pizzeria, uniq_joseph
Temple:   nicolae_temple_no_exploring_needed
Sewer:    kennysheep_door_sewer

Table legend:
 A = Turns spent in this place as a percentage of turns spent in the entire game.
 B = Non-inter-level travel turns spent in this place as a percentage of non-inter-level travel turns spent in the entire game.
 C = Inter-level travel turns spent in this place as a percentage of turns spent in this place.
 D = Turns resting spent in this place as a percentage of non-inter-level travel turns spent in this place.
 E = Turns spent auto-exploring this place as a percentage of non-inter-level travel turns spent in this place.
 F = Non-inter-level travel turns spent in this place divided by the number of levels of this place that you've seen.
                   A       B       C       D       E      F
               +-------+-------+-------+-------+-------+----------------------
         Total | 100.0 | 100.0 |   5.7 |  23.1 |  50.7 | 793.7
       Dungeon |  92.3 |  91.9 |   6.2 |  18.9 |  54.1 | 911.4
        Temple |   0.0 |   0.0 |  50.0 |   0.0 |   0.0 |   1.0
         Sewer |   7.7 |   8.1 |   0.0 |  69.9 |  13.3 | 645.0
               +-------+-------+-------+-------+-------+----------------------

Table legend:
 A = Kills in this place as a percentage of kills in entire the game.
 B = Kills by you in this place as a percentage of kills by you in the entire game.
 C = Kills by friends in this place as a percentage of kills by friends in the entire game.
 D = Other kills in this place as a percentage of other kills in the entire game.
 E = Experience gained in this place as a percentage of experience gained in the entire game.
 F = Experience gained in this place divided by the number of levels of this place that you have seen.
                   A       B       C       D       E      F
               +-------+-------+-------+-------+-------+----------------------
         Total | 100.0 | 100.0 | 100.0 |   N/A | 100.0 | 390.6
       Dungeon |  96.5 |  96.4 | 100.0 |   N/A |  95.9 | 468.2
         Sewer |   3.5 |   3.6 |   0.0 |   N/A |   4.1 | 160.0
               +-------+-------+-------+-------+-------+----------------------
